 Dungeon Crawl Stone Soup version 0.29-a0-887-gcbe080d7e0 (webtiles) character file.

Game seed: 14475033616773503500

34 Aurophilus the Chiller (level 3, -4/24 HPs)
             Began as a Merfolk Ice Elementalist on July 21, 2022.
             Killed from afar by Natasha (21 damage)
             ... with a bolt of light
             ... on level 2 of the Dungeon.
             The game lasted 00:03:43 (1378 turns).

Aurophilus the Chiller (Merfolk Ice Elementalist)   Turns: 1378, Time: 00:03:45

Health: -4/24      AC:  2    Str:  7 (8)  XL:     3   Next: 31%
Magic:  6/7        EV: 12    Int: 13 (16) God:
Gold:   77         SH:  0    Dex: 11 (14) Spells: 3/7 levels left

rFire   . . .      SeeInvis .   (no weapon)
rCold   . . .      Faith    .   (no shield)
rNeg    . . .      Spirit   .   a - +0 robe
rPois   .          Reflect  .   (no helmet)
rElec   .          Harm     .   (no cloak)
rCorr   .          Rampage  .   (no gloves)
Will    .....                   (no boots)
Stlth   ++........              (no amulet)
HPRegen 0.08/turn               (no ring)
MPRegen 0.10/turn               (no ring)

@: no status effects
A: (nimble swimmer 2), mertail
a: no special abilities


You were on level 2 of the Dungeon.
You visited 1 branch of the dungeon, and saw 2 of its levels.

You collected 77 gold pieces.

Inventory:

Armour
 a - a +0 robe (worn)
Scrolls
 e - a scroll of silence
 f - a scroll of identify
 g - a scroll of noise {unknown}
 h - a scroll of torment {unknown}
Potions
 b - a potion of magic
 c - a potion of resistance {unknown}
 d - 2 potions of curing


   Skills:
 + Level 2.7 Dodging
 + Level 2.6 Stealth
 * Level 2.7 Spellcasting
 * Level 4.9 Ice Magic


You had 3 spell levels left.
You knew the following spells:

 Your Spells              Type           Power      Damage    Failure   Level
a - Freeze                Ice            56%        1d7       3%          1
b - Frozen Ramparts       Ice            28%        1d4       10%         3

Your spell library contained the following spells:

 Spells                   Type           Power      Damage    Failure   Level
 Ozocubu's Armour         Ice            14%        N/A       10%         3
 Poisonous Vapours        Pois/Air       2%         N/A       34%         2
 Hailstorm                Conj/Ice       8%         3d4       65%         4
 Corpse Rot               Necr/Pois/Air  1%         N/A       93%         4


Dungeon Overview and Level Annotations

Branches:
Dungeon (2/15)

Altars:

Annotations:
D:2 Natasha


Innate Abilities, Weirdness & Mutations

((You are very nimble when in or above water. (Stealth+, EV+, Speed+++)))
Your lower body shifts to a powerful aquatic tail in water.


Message History

Confirm with . or Enter, or press ? or * to list all spells.
Aiming: Freeze (safe; 3% risk of failure)
Press: ? - help, Shift-Dir - straight line, f - goblin
Aim: a goblin, wielding a +2 dagger of protection You freeze the goblin.
You kill the goblin!
You see here a +2 dagger of protection.
You see here a +2 dagger of protection.
Found a stone staircase leading down.
Found a stone staircase leading up.
Found 6 stones.
There is a stone staircase leading down here.
Natasha, Servant of Life and Death comes into view.
She is carrying a wand of light (8).
Found 15 gold pieces.
Natasha is nearby!
Natasha stares at you and mumbles some strange words.
The magic dart hits you.
Natasha zaps a wand.
The bolt of light misses you.
Natasha zaps a wand.
The bolt of light hits you!
You are confused.
Natasha misses you.
You're too confused to cast spells.
Sorry, you're not good enough to have a special ability.
Unknown command.
You're too confused to cast spells.
Sorry, you're not good enough to have a special ability.
Unknown command.
You're too confused to cast spells.
You feel better.
Natasha casts a spell.
Casting: Freeze (safe; 3% risk of failure)
Confirm with . or Enter, or press ? or * to list all spells.
Aiming: Freeze (safe; 3% risk of failure)
Press: ? - help, Shift-Dir - straight line, f - Natasha
Aim: Natasha, carrying a wand of light (6)
You freeze Natasha.
Natasha is moderately wounded.
Natasha zaps a wand.
The bolt of light hits you!!
Ouch! That really hurt!
You die...

#.<.# # #. #..# ##...### .#
##.###..## .......#..# #...
....# ..........# #..###...###
.......##.#####..#.......# #
##...### ...............##.##
#...##########$.....(.........##
##..........$.h.................
#.########....@5..<....#### ###
##.# #.##.##.###.######## #..#
#. #.# #.>......# #.## #. #.#
#######..# #.# #.##.##.# #.####
#.# #.##.##.# #.#... #†#
#.#...#.# #.#.#. ##.### ###.#.#
.# #...#. .....# #.....# #####.


You could see Natasha and a crimson imp (summoned).

Vanquished Creatures
  An adder (D:2)
  A dart slug (D:2)
  3 bats (D:2)
  2 giant cockroaches
  3 goblins
  3 hobgoblins
  2 jackals (D:2)
  3 ball pythons
  A frilled lizard (D:2)
  2 kobolds (D:1)
  A rat (D:2)
22 creatures vanquished.

Notes
Turn   | Place    | Note
-------+----------+-------------------------------------------
     0 | D:1      | Aurophilus the Merfolk Ice Elementalist began the quest for
                  | the Orb.
     0 | D:1      | Reached XP level 1. HP: 13/13 MP: 3/3
   184 | D:1      | Reached XP level 2. HP: 13/19 MP: 0/5
   923 | D:2      | Reached XP level 3. HP: 24/24 MP: 1/6
   927 | D:2      | Learned a level 3 spell: Frozen Ramparts
  1371 | D:2      | Noticed Natasha
  1378 | D:2      | Killed from afar by Natasha

Illustrated notes

Levels and vault maps discovered:
D:1:      mushboom_english_gardens, layout_rooms, minivault_11
D:2:      minmay_chambers_of_ones, layout_loops_ring, minmay_misc_feat_ornament,
          uniq_natasha, uniq_jessica

Action                   || total
-------------------------++-------
Melee: Unarmed           ||     3
 Cast: Freeze            ||    38
  Use: Potion            ||     6
       Scroll            ||     3
Armor: Robe              ||     6
Dodge: Dodged            ||    21

Table legend: (Time is in decaauts)
 A = Elapsed time spent in this place.
 B = Non-inter-level travel time spent in this place.
 C = Inter-level travel time spent in this place.
 D = Time resting spent in this place.
 E = Time spent auto-exploring this place.
 F = Levels seen in this place.
 G = Mean time per level.
                   A        B        C        D        E       F      G
               +--------+--------+--------+--------+--------+-----+--------+
         Total |   1377 |   1367 |     10 |    149 |   1054 |   2 |  688.5 |
       Dungeon |   1377 |   1367 |     10 |    149 |   1054 |   2 |  688.5 |
               +--------+--------+--------+--------+--------+-----+--------+

Top non-repeatable levels by time:
     D:1: 791 daAuts
     D:2: 586 daAuts
